 Dungeon Crawl Stone Soup version 0.25.0-10-g039870e (webtiles) character file.

Game seed: 15103021919715273150

447 shmeve the Skirmisher (level 6, -2/57 HPs)
             Began as a Minotaur Berserker on June 22, 2020.
             Was a Believer of Trog.
             Slain by an ogre
             ... wielding a +0 giant club
              (7 damage)
             ... on level 5 of the Dungeon.
             The game lasted 00:04:59 (3928 turns).

shmeve the Skirmisher (Minotaur Berserker)          Turns: 3928, Time: 00:04:59

Health: -2/57      AC:  9    Str: 22    XL:     6   Next: 73%
Magic:  5/5        EV:  9    Int:  5    God:    Trog [**....]
Gold:   351        SH:  0    Dex: 10    Spells: 5/5 levels left

rFire    . . .     SeeInvis .   a - +0 hand axe
rCold    . . .     Gourm    .   (no shield)
rNeg     . . .     Faith    .   p - +0 chain mail
rPois    .         Spirit   .   (helmet restricted)
rElec    .         Reflect  .   (no cloak)
rCorr    .         Harm     .   (no gloves)
MR       .....                  (no boots)
Stlth    ..........             (no amulet)
HPRegen  0.19/turn              (no ring)
MPRegen  0.09/turn              (no ring)

@: no status effects
A: retaliatory headbutt, horns 2
a: Berserk, Trog's Hand, Renounce Religion


You were on level 5 of the Dungeon.
You worshipped Trog.
Trog was pleased with you.
You were hungry.

You visited 1 branch of the dungeon, and saw 5 of its levels.

You collected 351 gold pieces.

Inventory:

Hand Weapons
 a - a +0 hand axe (weapon)
Armour
 h - a +0 buckler
 p - a +0 chain mail (worn)
Jewellery
 b - a cursed ring of attention {unknown}
 l - an uncursed amulet of regeneration {unknown}
 r - a cursed amulet of inaccuracy {unknown}
Scrolls
 g - 4 scrolls of teleportation {unknown}
 i - 3 scrolls of identify {unknown}
 j - 4 scrolls of remove curse {unknown}
 n - a scroll of amnesia {unknown}
 o - a scroll of random uselessness {unknown}
 q - a scroll of enchant weapon {unknown}
Potions
 d - a potion of haste {unknown}
 e - 3 potions of curing {unknown}
 f - 2 potions of might {unknown}
 k - a potion of degeneration {unknown}
 m - a potion of heal wounds {unknown}
 t - a potion of lignification {unknown}
Comestibles
 c - 6 rations
 s - a chunk of flesh


   Skills:
 - Level 5.8 Fighting
 - Level 5.7 Axes
 - Level 2.2 Throwing
 - Level 3.9 Armour
 - Level 3.4 Dodging
 + Level 1.2 Shields


You had 5 spell levels left.
You didn't know any spells.
Your spell library was empty.

Dungeon Overview and Level Annotations

Branches:
Dungeon (5/15)
 Temple: D:4-7

Altars:
Elyvilon
Fedhas
Okawaru
Wu Jian


Innate Abilities, Weirdness & Mutations

You reflexively headbutt those who attack you in melee.
You have a pair of horns on your head.


Message History

An ogre comes into view. It is wielding a +0 giant club.
The ogre shouts!
You hit the ogre but do no damage. The ogre hits you with a +0 giant club!
You hit the ogre. Your headbutt misses the ogre.
The ogre is lightly wounded.
You hit the ogre.
The ogre is lightly wounded.
The ogre hits you but does no damage.
You slash the ogre!
The ogre is heavily wounded.
You are feeling hungry.
The ogre hits you with a +0 giant club!
You hit the ogre.
The ogre is heavily wounded.
The ogre hits you with a +0 giant club!!
* * * LOW HITPOINT WARNING * * *
You barely miss the ogre.
The ogre is heavily wounded.
The ogre hits you with a +0 giant club!
You die...

#.
#.....#####....._......#
##
#.##........#.......#..#
#. ##...######.....##..#
.. ###......##...##<..#
.## #....#..##.##....#
.. #....#.#........## #
#....#...........#
#.#................#
#.....@##..........#
###...O##..........#
#....##..........#
#....###.........#
###### ##...(..##
###..## #.


You could see an ogre.

Vanquished Creatures
  2 ogres (D:4)
  An orc priest (D:5)
  5 worker ants
  Terence (D:3)
  5 adders
  2 worms (D:2)
  A dart slug (D:1)
  2 leopard geckos (D:4)
  3 orcs
  5 bats
  4 giant cockroaches
  3 goblins
  5 hobgoblins
  2 jackals (D:4)
  8 kobolds
  4 frilled lizards
  3 rats
56 creatures vanquished.

Vanquished Creatures (others)
  4 toadstools (D:1)
4 creatures vanquished.

Grand Total: 60 creatures vanquished

Notes
Turn   | Place    | Note
-------+----------+-------------------------------------------
     0 | D:1      | shmeve the Minotaur Berserker began the quest for the Orb.
     0 | D:1      | Reached XP level 1. HP: 19/19 MP: 0/0
   345 | D:1      | Reached XP level 2. HP: 27/27 MP: 1/1
  1296 | D:2      | Reached XP level 3. HP: 30/33 MP: 2/2
  1318 | D:2      | Reached ** piety under Trog
  1483 | D:2      | Reached skill level 1 in Throwing
  1491 | D:2      | Reached XP level 4. HP: 35/41 MP: 3/3
  1826 | D:2      | You fall into a shaft and drop 1 floor!
  1856 | D:3      | Found a blossoming altar of Fedhas.
  2160 | D:3      | Noticed Terence
  2165 | D:3      | Killed Terence
  2494 | D:4      | Noticed an ogre
  2501 | D:4      | Killed an ogre
  2501 | D:4      | Reached skill level 5 in Fighting
  2501 | D:4      | Reached skill level 5 in Axes
  2501 | D:4      | Reached XP level 5. HP: 48/48 MP: 4/4
  2509 | D:4      | Found a white marble altar of Elyvilon.
  2866 | D:4      | Reached XP level 6. HP: 56/56 MP: 5/5
  3405 | D:4      | Found an ornate altar of the Wu Jian Council.
  3646 | D:5      | Entered Level 5 of the Dungeon
  3648 | D:5      | Found an iron altar of Okawaru.
  3818 | D:5      | Reached skill level 1 in Shields
  3928 | D:5      | Slain by an ogre

Illustrated notes

Levels and vault maps discovered:
D:1:      lemuel_arrival_rhombus, layout_basic, minmay_gold_behind_fungi
D:2:      layout_loops_cross, nicolae_overflow_crystal_walls,
          nicolae_qazlal_style_of_elements, minmay_misc_feat_plants,
          minivault_19
D:3:      layout_loops_ring, lemuel_doored_altar, uniq_terence
D:4:      layout_loops_ring, elyvilon_altar_3, kennysheep_little_box,
          serial_rivers, chequers_serial_rivers_room_b,
          chequers_serial_rivers_room_b, chequers_serial_rivers_marsh,
          chequers_serial_rivers_micro_e, skrybe_limestone_x
D:5:      layout_rooms, lemuel_round_altar, first_ration, serial_shops,
          nicolae_shop_stone

Skill      XL: |  1  2  3  4  5  6 |
---------------+-------------------+-----
Fighting       | 4 5 |  5.8
Axes           | 4 5 |  5.7
Throwing       | 1 2 |  2.2
Armour         | 3 |  3.9
Dodging        | 3 |  3.4
Shields        | 1 |  1.2

Action                   |  1- 3 |  4- 6 || total
-------------------------+-------+-------++-------
Melee: Hand axe          |    62 |    80 ||   142
       Headbutt          |    13 |    19 ||    32
Invok: Trog's Hand       |     1 |       ||     1
       Berserk           |       |     1 ||     1
  Eat: Chunk             |     2 |     8 ||    10
Armor: Animal skin       |    11 |     3 ||    14
       Chain mail        |       |    15 ||    15
Dodge: Dodged            |    55 |    35 ||    90
